 Dungeon Crawl Stone Soup version 0.22-a0-283-g1871b15 (webtiles) character file.

1479 sankara the Destroyer (level 8, -6/41 HPs)
             Began as a Tengu Fire Elementalist on Mar 19, 2018.
             Was an Initiate of Vehumet.
             Shot with an arrow by a centaur (10 damage)
             ... on level 6 of the Dungeon.
             The game lasted 00:17:51 (6580 turns).

sankara the Destroyer (Tengu Fire Elementalist)     Turns: 6580, Time: 00:17:52

Health: -6/41      AC:  2    Str:  8    XL:     8   Next: 79%
Magic:  7/16       EV: 16    Int: 18    God:    Vehumet [......]
Gold:   258        SH:  0    Dex: 15    Spells: 4/17 levels left

rFire    . . .     SeeInvis .   a - +0 dagger (elec)
rCold    . . .     Gourm    .   (no shield)
rNeg     . . .     Faith    .   l - +0 robe
rPois    +         Spirit   .   (helmet restricted)
rElec    .         Reflect  .   (no cloak)
rCorr    .         Harm     .   (no gloves)
MR       .....                  (boots unavailable)
Stlth    ++........             (no amulet)
HPRegen  0.13/turn              p - ring of poison resistance {rPois, !d}
MPRegen  0.15/turn              C - +3 ring of evasion

@: no status effects
A: beak, talons 3, able to fly 1
a: Fly, Renounce Religion


You were on level 6 of the Dungeon.
You worshipped Vehumet.
Vehumet was noncommittal.
You were not hungry.

You visited 1 branch of the dungeon, and saw 6 of its levels.

You collected 258 gold pieces.

Inventory:

Hand Weapons
 a - a +0 dagger of electrocution (weapon)
   (You took it off a kobold on level 3 of the Dungeon)
 f - a +0 hunting sling
   (You found it on level 1 of the Dungeon)
 q - a +0 spear
   (You found it on level 2 of the Dungeon)
Missiles
 d - 67 sling bullets
 m - 178 stones (quivered)
 D - 4 curare-tipped needles
Armour
 l - a +0 robe (worn)
Magical Staves
 t - an uncursed staff of summoning {!a}
   (You found it on level 2 of the Dungeon)
Jewellery
 e - a +4 ring of dexterity
   (You found it on level 1 of the Dungeon)
 k - a +4 ring of strength
   (You found it on level 1 of the Dungeon)
 p - a ring of poison resistance (left hand) {rPois, !d}
   (You found it on level 3 of the Dungeon)
 w - an uncursed ring of see invisible {sInv, !d}
   (You found it on level 3 of the Dungeon)
 y - an uncursed ring of positive energy {rN+}
   (You found it on level 4 of the Dungeon)
 C - a +3 ring of evasion (right hand)
   (You found it on level 5 of the Dungeon)
Scrolls
 b - 4 scrolls of teleportation {unknown}
 g - 2 scrolls of fear {unknown}
 h - 6 scrolls of identify
 i - 4 scrolls of remove curse
 j - 2 scrolls of immolation {unknown}
 n - 2 scrolls of amnesia {unknown}
 o - a scroll of fog {unknown}
 s - a scroll of blinking {unknown}
 v - a scroll of enchant weapon {unknown}
 x - 2 scrolls of enchant armour {unknown}
 A - a scroll of random uselessness {unknown}
Potions
 r - a potion of might {unknown}
 u - 5 potions of agility {unknown}
 z - a potion of haste {unknown}
 B - a potion of magic {unknown}
 E - a potion of flight {unknown}
 G - a potion of mutation {unknown}
Comestibles
 c - 7 rations
 F - 3 chunks of flesh {@w0}


   Skills:
 - Level 2.1 Dodging
 - Level 2.0 Stealth
 - Level 5.0 Spellcasting
 + Level 8.7 Conjurations
 + Level 7.9 Fire Magic


You had 4 spell levels left.
You knew the following spells:

 Your Spells              Type           Power        Failure   Level  Hunger
a - Flame Tongue          Conj/Fire      ####.        1%          1    None
b - Conjure Flame         Conj/Fire      ####....     1%          3    ##.....
c - Sticky Flame          Conj/Fire      ####....     4%          4    ####...
f - Fireball              Conj/Fire      ####......   12%         5    ######.


Dungeon Overview and Level Annotations

Branches:
Dungeon (6/15)
 Temple: D:4-7

Altars:
Dithmenos
Elyvilon
Hepliaklqana
Ru
Vehumet
Yredelemnul

Annotations:
D:4 2 transporters


Innate Abilities, Weirdness & Mutations

You have a beak for a mouth.
You have claws for feet.
You can fly.


Message History

A crimson imp comes into view.
Found 8 gold pieces.
Found a stone staircase leading down.
A crimson imp is nearby!
Casting: Sticky Flame (safe; 4% risk of failure)
Confirm with . or Enter, or press ? or * to list all spells.
You don't know that spell.
The crimson imp closely misses you.
You hit the crimson imp. Your kick misses the crimson imp.
The crimson imp is lightly wounded.
The crimson imp barely misses you.
You hit the crimson imp but do no damage.
Lightning courses through the crimson imp!
You kill the crimson imp!
Vehumet accepts your kill.
No target in view!
No target in view!
A hound comes into view.
A hound is nearby!
The helpless hound fails to defend itself.
You puncture the hound! Your kick misses the hound.
The hound is moderately wounded.
The hound misses you.
You barely miss the hound. Your kick misses the hound.
The hound is moderately wounded.
The hound completely misses you. The hound bites you.
You hit the hound.
The hound is heavily wounded.
The hound completely misses you.
You barely miss the hound. Your peck misses the hound.
The hound is heavily wounded.
The hound barely misses you. x2
You hit the hound. Lightning courses through the hound!
You kill the hound!
Vehumet accepts your kill.
No target in view!
No target in view!
You see here a hound corpse.
You butcher the hound corpse.
F - 3 chunks of flesh {@w0} You now have 258 gold pieces (gained 8).
G - a viscous emerald potion
h - 6 scrolls of identify (gained 1) Key pressed, stopping explore.
m - 178 stones (gained 21) Key pressed, stopping explore.
Key pressed, stopping explore.
Key pressed, stopping explore.
Key pressed, stopping explore.
You open the door.
Found a stone staircase leading up.
There is an open door here.
Key pressed, stopping explore.
Key pressed, stopping explore.
There is an open door here.
Key pressed, stopping explore.
Key pressed, stopping explore.
Key pressed, stopping explore.
Key pressed, stopping explore.
A centaur comes into view.
The centaur shouts!
The centaur wields a shortbow.
The centaur shoots an arrow.
The arrow closely misses you.
Things that are here:
an arrow; a ration A centaur is nearby!
A centaur is nearby!
A centaur is nearby!
Casting: Sticky Flame (safe; 4% risk of failure)
Confirm with . or Enter, or press ? or * to list all spells.
Aiming: Fireball (slightly dangerous; 12% risk of failure)
Press: ? - help, Shift-Dir - straight line, f - centaur
Aim: a centaur, wielding a shortbow The fireball explodes!
The fireball engulfs the centaur.
The centaur is lightly wounded.
Casting: Fireball (slightly dangerous; 12% risk of failure)
Confirm with . or Enter, or press ? or * to list all spells.
Okay, then.
The centaur unwields an uncursed shortbow.
The centaur hits you!
Casting: Fireball (slightly dangerous; 12% risk of failure)
Confirm with . or Enter, or press ? or * to list all spells.
Aiming: Sticky Flame (safe; 4% risk of failure)
Press: ? - help, Shift-Dir - straight line, f/p - centaur
Aim: a centaur (lightly wounded)
The sticky flame hits the centaur.
The centaur is moderately wounded.
The centaur is covered in liquid flames!
The centaur burns!
The centaur barely misses you. The centaur closely misses you.
The centaur burns!
Things that are here:
an arrow; a ration The centaur burns!
The centaur wields an uncursed shortbow.
The centaur shoots an arrow.
The arrow hits you!
The centaur shoots an arrow.
The arrow hits you!
* * * LOW HITPOINT WARNING * * *
You see here 2 arrows.
The centaur burns!
The centaur shoots an arrow.
The arrow hits you!
You die...

#......#
######.###
#.........##
#.#......#.##
#.###.###.## ..
#.## ##.# #. ###
##.## #
.....#.########
...........@((.#
###...########c#
##.# #.# #. #.#
# #.. .#. # #. #


You could see a centaur (burning).

Vanquished Creatures
  Purgy (D:3)
  An ogre (D:4)
  A centaur (D:6)
  2 bullfrogs (D:6)
  A scorpion (D:4)
  8 wights (D:6)
  A bullfrog zombie (D:5)
  A centaur zombie (D:5)
  3 crimson imps
  3 hounds
  2 bullfrog skeletons
  A gnoll shaman (D:5)
  Terence (D:3)
  3 iguanas
  An orc wizard (D:4)
  2 worker ants (D:4)
  A hound skeleton (D:6)
  4 gnolls (D:5)
  5 adders
  A shadow imp (D:6)
  2 worms
  2 leopard geckos
  3 orcs (D:4)
  A giant cockroach (D:2)
  5 goblins
  10 hobgoblins
  9 jackals
  5 kobolds
  4 quokkas
  A ball python (D:4)
  9 bats
  3 frilled lizards
  A jackal skeleton (D:5)
  A leopard gecko skeleton (D:4)
  23 rats
  A spectral orc (D:4)
123 creatures vanquished.

Notes
Turn   | Place    | Note
-------+----------+-------------------------------------------
     0 | D:1      | sankara the Tengu Fire Elementalist began the quest for the Orb.
     0 | D:1      | Reached XP level 1. HP: 10/10 MP: 4/4
   283 | D:1      | Reached XP level 2. HP: 15/15 MP: 4/6
   417 | D:1      | Reached skill level 2 in Conjurations
   818 | D:2      | Reached XP level 3. HP: 19/19 MP: 4/7
  1119 | D:2      | Learned a level 3 spell: Conjure Flame
  1294 | D:2      | Reached skill level 4 in Fire Magic
  1498 | D:2      | Reached skill level 3 in Conjurations
  1510 | D:2      | Reached XP level 4. HP: 24/24 MP: 3/9
  2387 | D:3      | Learned a level 4 spell: Sticky Flame
  2429 | D:3      | Noticed Purgy
  2441 | D:3      | Killed Purgy
  2441 | D:3      | Reached skill level 3 in Spellcasting
  2441 | D:3      | Reached skill level 4 in Conjurations
  2441 | D:3      | Gained mutation: You can fly. [Tengu growth]
  2441 | D:3      | Reached XP level 5. HP: 27/28 MP: 3/11
  3310 | D:3      | Noticed Terence
  3319 | D:3      | Killed Terence
  3319 | D:3      | Reached XP level 6. HP: 32/32 MP: 1/12
  3494 | D:4      | Got a slimy chain mail
  3502 | D:4      | Identified the cursed +1 chain mail of Moushretz {+Blink} (You found it on level 4 of the Dungeon)
  3512 | D:4      | Found a transporter.
  3550 | D:4      | Found a shadowy altar of Dithmenos.
  3566 | D:4      | Reached skill level 5 in Fire Magic
  3665 | D:4      | Found a transporter.
  3985 | D:4      | Found a basalt altar of Yredelemnul.
  4207 | D:4      | Reached skill level 5 in Conjurations
  4396 | D:4      | Reached skill level 4 in Spellcasting
  4396 | D:4      | Reached XP level 7. HP: 36/36 MP: 5/14
  4568 | D:5      | Entered Level 5 of the Dungeon
  4841 | D:5      | Found a hazy altar of Hepliaklqana.
  4912 | D:5      | Found a white marble altar of Elyvilon.
  5025 | D:5      | Reached skill level 6 in Conjurations
  5025 | D:5      | Reached skill level 6 in Fire Magic
  5604 | D:6      | Reached skill level 5 in Spellcasting
  5604 | D:6      | Reached XP level 8. HP: 18/41 MP: 3/16
  5610 | D:6      | Reached skill level 7 in Conjurations
  5889 | D:6      | Learned a level 5 spell: Fireball
  5891 | D:6      | Reached skill level 7 in Fire Magic
  6028 | D:6      | Reached skill level 8 in Conjurations
  6419 | D:6      | Found a sacrificial altar of Ru.
  6419 | D:6      | Found a radiant altar of Vehumet.
  6423 | D:6      | Became a worshipper of Vehumet
  6579 | D:6      | HP: 4/41 [centaur/arrow (13)]
  6580 | D:6      | Shot with an arrow by a centaur

Vault maps used:
D:1:      lightli_arrival_windingriver, hangedman_glass_garden
D:2:      minmay_rat_hole
D:3:      first_ration, uniq_terence, uniq_purgy
D:4:      gammafunk_steamed_eel, lemuel_doored_altar,
          yredelemnul_forgotten_temple_becter
D:5:      lemuel_coloured_pillars_altar, basic_altar
D:6:      gammafunk_temple_overflow_wave

Skill      XL: |  1  2  3  4  5  6  7  8 |
---------------+-------------------------+-----
Conjurations   | 2 3 4 5 6 8 |  8.7
Fire Magic     | 4 5 6 7 |  7.9
Spellcasting   | 3 4 5 |  5.0
Dodging        | |  2.1
Stealth        | |  2.0

Action                   |  1- 3 |  4- 6 |  7- 9 || total
-------------------------+-------+-------+-------++-------
Melee: Kick              |     2 |     1 |     7 ||    10
       Peck              |     2 |       |    11 ||    13
       Unarmed           |     1 |       |       ||     1
       Dagger            |     5 |     5 |    42 ||    52
 Cast: Flame Tongue      |    65 |    84 |    61 ||   210
       Conjure Flame     |     1 |     3 |     7 ||    11
       Sticky Flame      |       |     3 |     5 ||     8
       Fireball          |       |       |     8 ||     8
  Use: Scroll            |       |     1 |     1 ||     2
 Stab: Sleeping          |       |     2 |     1 ||     3
  Eat: Chunk             |     2 |    10 |     4 ||    16
       Ration            |       |       |     2 ||     2
Armor: Robe              |     1 |     3 |     5 ||     9
Dodge: Dodged            |    19 |    14 |    42 ||    75

Table legend:
 A = Spawn XP
 B = Non-spawn XP
 C = Spawn XP percentage of total XP
 D = Spawn monster count
 E = Non-spawn monster count
 F = Spawn count percentage of total count
 G = Total turns spent on level
                    A         B        C        D         E        F      G
               +---------+---------+-------+---------+---------+-------+---------
         Total |       0 |    2114 |   0.0 |       0 |     123 |   0.0 |  6580
               +---------+---------+-------+---------+---------+-------+---------
           D:1 |       0 |      27 |   0.0 |       0 |      15 |   0.0 |   759
           D:2 |       0 |      60 |   0.0 |       0 |      43 |   0.0 |  1098
           D:3 |       0 |     249 |   0.0 |       0 |      19 |   0.0 |  1632
           D:4 |       0 |     347 |   0.0 |       0 |      14 |   0.0 |  1298
           D:5 |       0 |     505 |   0.0 |       0 |      16 |   0.0 |   808
           D:6 |       0 |     926 |   0.0 |       0 |      16 |   0.0 |   985
               +---------+---------+-------+---------+---------+-------+---------

Vault maps used:
D:1:      lightli_arrival_windingriver, hangedman_glass_garden
D:2:      minmay_rat_hole
D:3:      first_ration, uniq_terence, uniq_purgy
D:4:      gammafunk_steamed_eel, lemuel_doored_altar,
          yredelemnul_forgotten_temple_becter
D:5:      lemuel_coloured_pillars_altar, basic_altar
D:6:      gammafunk_temple_overflow_wave

Table legend:
 A = Turns spent in this place as a percentage of turns spent in the entire game.
 B = Non-inter-level travel turns spent in this place as a percentage of non-inter-level travel turns spent in the entire game.
 C = Inter-level travel turns spent in this place as a percentage of turns spent in this place.
 D = Turns resting spent in this place as a percentage of non-inter-level travel turns spent in this place.
 E = Turns spent auto-exploring this place as a percentage of non-inter-level travel turns spent in this place.
 F = Non-inter-level travel turns spent in this place divided by the number of levels of this place that you've seen.
                   A       B       C       D       E      F
               +-------+-------+-------+-------+-------+----------------------
         Total | 100.0 | 100.0 |   1.7 |  36.6 |  47.2 | 1078.3
       Dungeon | 100.0 | 100.0 |   1.7 |  36.6 |  47.2 | 1078.3
               +-------+-------+-------+-------+-------+----------------------

Table legend:
 A = Kills in this place as a percentage of kills in entire the game.
 B = Kills by you in this place as a percentage of kills by you in the entire game.
 C = Kills by friends in this place as a percentage of kills by friends in the entire game.
 D = Other kills in this place as a percentage of other kills in the entire game.
 E = Experience gained in this place as a percentage of experience gained in the entire game.
 F = Experience gained in this place divided by the number of levels of this place that you have seen.
                   A       B       C       D       E      F
               +-------+-------+-------+-------+-------+----------------------
         Total | 100.0 | 100.0 |   N/A |   N/A | 100.0 | 352.3
       Dungeon | 100.0 | 100.0 |   N/A |   N/A | 100.0 | 352.3
               +-------+-------+-------+-------+-------+----------------------
